 Dungeon Crawl Stone Soup version 0.31-a0-1082-g7d1fb776a8 (webtiles) character file.

Game seed: 15515507549061983639

42 Dirtsage the Insei (level 3, -1/29 HPs)
             Began as a Demonspawn Monk on Nov 27, 2023.
             Slain by a gnoll
             ... wielding a +2 halberd of distortion
              (4 damage)
             ... on level 2 of the Dungeon.
             The game lasted 00:01:32 (890 turns).

Dirtsage the Insei (Demonspawn Monk)                 Turns: 890, Time: 00:01:33

Health: -1/29      AC: 11    Str: 13    XL:     3   Next: 35%
Magic:  3/3        EV: 11    Int: 11    God:
Gold:   11         SH:  0    Dex: 15    Spells: 2/2 levels left

rFire   . .          .
                       - Unarmed
rCold   . . .        c - orb {light}
rNeg    . . .        i - +0 ring mail
rPois   .            (no helmet)
rElec   .            (no cloak)
rCorr   .            (no gloves)
SInv    .            (no boots)
Will    .....        (no amulet)
Stlth   +            (no ring)
HPRegen 0.24/turn    (no ring)
MPRegen 0.08/turn

%: no passive effects
@: sanguine armoured, glowing
A: sanguine armour 1
a: no special abilities


You were on level 2 of the Dungeon.
You visited 1 branch of the dungeon, and saw 2 of its levels.

You collected 11 gold pieces.

Inventory:

Armour
 a - a +0 robe
 c - an orb of light (worn)
 i - a +0 ring mail (worn)
Scrolls
 e - a scroll of amnesia {unknown}
 j - a scroll of identify {unknown}
 l - a scroll of teleportation {unknown}
Potions
 b - a potion of ambrosia
 d - a potion of enlightenment {unknown}
 f - a potion of brilliance {unknown}
 g - 2 potions of curing {unknown}
 h - 2 potions of cancellation {unknown}
 k - a potion of heal wounds {unknown}


   Skills:
 - Level 3.0 Fighting
 - Level 2.6 Dodging
 + Level 4.1 Unarmed Combat


You had 2 spell levels left.
You didn't know any spells.
Your spell library was empty.

Dungeon Overview and Level Annotations

Branches:
Dungeon (2/15)

Altars:


Innate Abilities, Weirdness & Mutations

When seriously injured, your blood forms armour. (AC +6)


Message History

The quokka is moderately wounded.
The quokka bites you but does no damage.
You barely miss the quokka.
The quokka is moderately wounded.
The quokka bites you but does no damage.
You hit the quokka but do no damage.
The quokka is moderately wounded.
The quokka bites you but does no damage.
You hit the quokka.
The quokka is almost dead.
The quokka barely misses you.
You hit the quokka but do no damage.
The quokka is almost dead.
The quokka barely misses you. The quokka closely misses you.
You closely miss the quokka.
The quokka is almost dead.
The quokka bites you but does no damage.
You hit the quokka.
You kill the quokka!
No target in view!
You see here a quokka corpse.
A gnoll comes into view.
It is wielding a +2 halberd of distortion.
Health restored: 29 The gnoll shouts!
You hear a shout! x2
A gnoll comes into view. It is wielding a +0 flail.
You have nothing you can fire or use right now.
Unknown command.
Okay, then.
The gnoll hits you with a +2 halberd of distortion!
You blink.
You take 8 damage, and have 21/29 hp.
MASSIVE DAMAGE!!
You hit the gnoll but do no damage. The gnoll closely misses you.
The gnoll hits you with a +2 halberd of distortion!
Your blood congeals into armour.
You blink.
The gnoll hits you but does no damage.
You take 11 damage, and have 11/29 hp.
MASSIVE DAMAGE!!
The gnoll hits you with a +2 halberd of distortion!
* * * LOW HITPOINT WARNING * * *
Space warps around you.
You die...

#........................
#......................g
##..............#.....g
##.....##......#####.#
#############.# ##.# ##.#
#..# #####..####.##
#...††......#
#.....@g.#### #.....g.##
#..)....# #.......#
#.......# #.......#
#.......# #.......#
#########


You could see 2 gnolls.

Vanquished Creatures
  4 ball pythons
  6 endoplasms
  3 giant cockroaches (D:1)
  3 goblins
  7 hobgoblins
  2 quokkas
  A bat (D:1)
  A frilled lizard (D:2)
  4 kobolds
  4 rats
35 creatures vanquished.

Notes
Turn   | Place    | Note
-------+----------+-------------------------------------------
     0 | D:1      | Dirtsage the Demonspawn Monk began the quest for the Orb.
     0 | D:1      | Reached XP level 1. HP: 18/18 MP: 1/1
    25 | D:1      | Reached skill level 3 in Unarmed Combat
   135 | D:1      | Gained mutation: When seriously injured, your blood forms
                  | armour. (AC +6) [demonic ancestry]
   135 | D:1      | Reached XP level 2. HP: 19/24 MP: 2/2
   346 | D:1      | Found a faded altar of an unknown god.
   700 | D:2      | Reached XP level 3. HP: 29/29 MP: 3/3
   798 | D:2      | Reached skill level 4 in Unarmed Combat
   890 | D:2      | Slain by a gnoll

Illustrated notes

Levels and vault maps discovered:
D:1:      amcnicky_arrival_underground_garden, layout_rooms,
          shapermc_ecumenical_altar_ellora
D:2:      layout_rooms

Skill      XL: |  1  2  3 |
---------------+----------+-----
Unarmed Combat | 3 4 |  4.1
Fighting       | |  3.0
Dodging        | |  2.6

Action                     || total
---------------------------++-------
  Melee: Unarmed           ||    97
 Armour: Robe              ||    34
         Ring mail         ||    20
  Dodge: Dodged            ||    60

Table legend: (Time is in decaauts)
 A = Elapsed time spent in this place.
 B = Non-inter-level travel time spent in this place.
 C = Inter-level travel time spent in this place.
 D = Time resting spent in this place.
 E = Time spent auto-exploring this place.
 F = Levels seen in this place.
 G = Mean time per level.
                   A        B        C        D        E       F      G
               +--------+--------+--------+--------+--------+-----+--------+
         Total |    883 |    834 |     49 |      0 |    628 |   2 |  441.5 |
       Dungeon |    883 |    834 |     49 |      0 |    628 |   2 |  441.5 |
               +--------+--------+--------+--------+--------+-----+--------+

Top non-repeatable levels by time:
     D:1: 668 daAuts
     D:2: 214 daAuts
